| TOP OF THE 1ST |
|
Beloit Snappers batting - Pitching for Lake County Captains : LHP Tony Flores
|
|
Pitching: LHP Tony Flores
|
|
|
Batting: LHB Nate Melendez
|
0-0: Foul Ball, location: 2F 0-1: Swinging Strike 0-2: Ground out 6-3 (Groundball, 6M, EV 105.0 MPH)
|
|
Batting: RHB Tim Anderson
|
0-0: Called Strike 0-1: Foul Ball, location: 2F 0-2: Ball 1-2: Ball 2-2: Strikes out swinging
|
|
Batting: RHB Walt Alaniz
|
0-0: Ball 1-0: Swinging Strike 1-1: Called Strike 1-2: Foul Ball, location: 2F 1-2: Foul Ball, location: 2F 1-2: Ground out 5-3 (Groundball, 56, EV 104.4 MPH)
|
| Top of the 1st over - 0 runs, 0 hits, 0 errors, 0 left on base; Beloit 0 - Lake County 0 |
| BOTTOM OF THE 1ST |
|
Lake County Captains batting - Pitching for Beloit Snappers : RHP Caleb Hansberger
|
|
Pitching: RHP Caleb Hansberger
|
|
|
Batting: RHB Patrick Pinault
|
0-0: Ball 1-0: Bunt missed! 1-1: Ball 2-1: Foul Ball, location: 2F 2-2: Strikes out swinging
|
|
Batting: RHB Steve Gusman
|
0-0: Called Strike 0-1: Ball 1-1: Swinging Strike 1-2: Ball 2-2: SINGLE (Line Drive, 8LS, EV 100.0 MPH)
|
|
Batting: LHB Esteban Cordova
|
0-0: Called Strike Steve Gusman is caught stealing 2nd base 2-6 0-1: Ball 1-1: Ball 2-1: Ball 3-1: Foul Ball, location: 2F 3-2: Ground out U3 (Groundball, 34S, EV 81.2 MPH)
|
| Bottom of the 1st over - 0 runs, 1 hit, 0 errors, 0 left on base; Beloit 0 - Lake County 0 |
| TOP OF THE 2ND |
|
Beloit Snappers batting - Pitching for Lake County Captains : LHP Tony Flores
|
|
Batting: RHB Manny Moron
|
0-0: Ball 1-0: SINGLE (Line Drive, 78S, EV 86.2 MPH)
|
|
Batting: RHB Rafael Alarcon
|
0-0: Ball 1-0: Called Strike 1-1: SINGLE (Groundball, 6MD, EV 109.4 MPH) Manny Moron to second Runner from 2nd tries for 3rd, SAFE, throw by CF made to third
|
|
Batting: RHB Mike Gangi
|
0-0: Ball 1-0: SINGLE (Line Drive, 89S, EV 103.1 MPH) Manny Moron scores Rafael Alarcon to second
|
|
Batting: LHB Ed Talamantes
|
0-0: Ball 1-0: Foul Ball, location: 2F 1-1: Ball 2-1: Foul Ball, location: 2F 2-2: Strikes out looking
|
|
Batting: RHB Jason Dove
|
0-0: Ball 1-0: Called Strike 1-1: Hit by Pitch Rafael Alarcon to third Mike Gangi to second
|
|
Batting: LHB Marcus Pollard
|
0-0: Swinging Strike 0-1: Ball 1-1: Ball 2-1: Ball 3-1: SINGLE (Groundball, 4MD, EV 95.0 MPH) Rafael Alarcon scores Mike Gangi to third Jason Dove to second Runner from 3rd tries for Home, SAFE, throw by CF to home
|
|
Batting: LHB Nate Melendez
|
0-0: Called Strike 0-1: Foul Ball, location: 2F 0-2: Ball 1-2: Strikes out looking
|
|
Batting: RHB Tim Anderson
|
0-0: Foul Ball, location: 2F 0-1: Called Strike 0-2: SINGLE (Line Drive, 34, EV 99.4 MPH) Jason Dove to third Marcus Pollard to second Runner from 3rd tries for Home, SAFE, throw by RF to home
|
|
Batting: RHB Walt Alaniz
|
0-0: Called Strike 0-1: Ball 1-1: Ball 2-1: Fly out, F9 (Flyball, 9S, EV 92.5 MPH)
|
| Top of the 2nd over - 4 runs, 5 hits, 0 errors, 2 left on base; Beloit 4 - Lake County 0 |
| BOTTOM OF THE 2ND |
|
Lake County Captains batting - Pitching for Beloit Snappers : RHP Caleb Hansberger
|
|
Batting: LHB Frank Hill
|
0-0: Fly out, F8 (Flyball, 8LD, EV 108.1 MPH)
|
|
Batting: RHB Justin Young
|
0-0: Ball 1-0: Fly out, F8 (Flyball, 8RD, EV 95.0 MPH)
|
|
Batting: RHB Josh Patterson
|
0-0: SOLO HOME RUN (Flyball, 7LD, EV 96.9 MPH), Distance : 373 ft
|
|
Batting: RHB Jose Valtierra
|
0-0: Called Strike 0-1: Swinging Strike 0-2: Ground out 6-3 (Groundball, 6MD, EV 101.9 MPH)
|
| Bottom of the 2nd over - 1 run, 1 hit, 0 errors, 0 left on base; Beloit 4 - Lake County 1 |
| TOP OF THE 3RD |
|
Beloit Snappers batting - Pitching for Lake County Captains : LHP Tony Flores
|
|
Batting: RHB Manny Moron
|
0-0: Called Strike 0-1: Ball 1-1: Foul Ball, location: 2F 1-2: Strikes out swinging
|
|
Batting: RHB Rafael Alarcon
|
0-0: Ball 1-0: Swinging Strike 1-1: Swinging Strike 1-2: Fly out, F4 (Popup, 4MS, EV 73.1 MPH)
|
|
Batting: RHB Mike Gangi
|
0-0: Called Strike 0-1: Ball 1-1: Fly out, F9 (Line Drive, 89M, EV 101.9 MPH)
|
| Top of the 3rd over - 0 runs, 0 hits, 0 errors, 0 left on base; Beloit 4 - Lake County 1 |
| BOTTOM OF THE 3RD |
|
Lake County Captains batting - Pitching for Beloit Snappers : RHP Caleb Hansberger
|
|
Batting: RHB Tony Gonzales
|
0-0: Foul Ball, location: 2F 0-1: Foul Ball, location: 2F 0-2: Ball 1-2: Strikes out swinging
|
|
Batting: RHB Juan Ordonez
|
0-0: Ball 1-0: Called Strike 1-1: Ball 2-1: SOLO HOME RUN (Flyball, 7D, EV 100.6 MPH), Distance : 404 ft
|
|
Batting: RHB Patrick Pinault
|
0-0: Called Strike 0-1: Ball 1-1: Ball 2-1: Fly out, F7 (Flyball, 7D, EV 105.0 MPH)
|
|
Batting: RHB Steve Gusman
|
0-0: Ball 1-0: Swinging Strike 1-1: Ball 2-1: Ball 3-1: Base on Balls
|
|
Batting: LHB Esteban Cordova
|
0-0: Called Strike Steve Gusman is caught stealing 2nd base 2-6
|
| Bottom of the 3rd over - 1 run, 1 hit, 0 errors, 0 left on base; Beloit 4 - Lake County 2 |
| TOP OF THE 4TH |
|
Beloit Snappers batting - Pitching for Lake County Captains : LHP Tony Flores
|
|
Batting: LHB Ed Talamantes
|
0-0: Ball 1-0: Foul Ball, location: 2F 1-1: Foul Ball, location: 2F 1-2: Ball 2-2: Ball 3-2: Strikes out swinging
|
|
Batting: RHB Jason Dove
|
0-0: Foul Ball, location: 2F 0-1: Foul Ball, location: 2F 0-2: Ball 1-2: Ball 2-2: Foul Ball, location: 2F 2-2: Foul Ball, location: 2F 2-2: Ball 3-2: Ground out 6-3 (Groundball, P, EV 86.2 MPH)
|
|
Batting: LHB Marcus Pollard
|
0-0: Swinging Strike 0-1: Foul Ball, location: 2F 0-2: Ball 1-2: SINGLE (Line Drive, 7S, EV 98.1 MPH)
|
|
Batting: LHB Nate Melendez
|
0-0: Ball 1-0: Called Strike 1-1: Ball Marcus Pollard is caught stealing 2nd base 2-6
|
| Top of the 4th over - 0 runs, 1 hit, 0 errors, 0 left on base; Beloit 4 - Lake County 2 |
| BOTTOM OF THE 4TH |
|
Lake County Captains batting - Pitching for Beloit Snappers : RHP Caleb Hansberger
|
|
Batting: LHB Esteban Cordova
|
0-0: Ball 1-0: Swinging Strike 1-1: Called Strike 1-2: Ball 2-2: Ball 3-2: Strikes out swinging
|
|
Batting: LHB Frank Hill
|
0-0: Ball 1-0: Ball 2-0: Ground out 4-3 (Groundball, 4, EV 102.5 MPH)
|
|
Batting: RHB Justin Young
|
0-0: Ball 1-0: Called Strike 1-1: Fly out, F7 (Line Drive, 78M, EV 85.0 MPH)
|
| Bottom of the 4th over - 0 runs, 0 hits, 0 errors, 0 left on base; Beloit 4 - Lake County 2 |
| TOP OF THE 5TH |
|
Beloit Snappers batting - Pitching for Lake County Captains : LHP Tony Flores
|
|
Batting: LHB Nate Melendez
|
0-0: Called Strike 0-1: Foul Ball, location: 2F 0-2: Strikes out swinging
|
|
Batting: RHB Tim Anderson
|
0-0: Ball 1-0: Foul Ball, location: 2F 1-1: Ball 2-1: Foul Ball, location: 2F 2-2: Strikes out looking
|
|
Batting: RHB Walt Alaniz
|
0-0: Called Strike 0-1: Called Strike 0-2: Ball 1-2: Strikes out swinging
|
| Top of the 5th over - 0 runs, 0 hits, 0 errors, 0 left on base; Beloit 4 - Lake County 2 |
| BOTTOM OF THE 5TH |
|
Lake County Captains batting - Pitching for Beloit Snappers : RHP Caleb Hansberger
|
|
Batting: RHB Josh Patterson
|
0-0: Foul Ball, location: 2F 0-1: Swinging Strike 0-2: SINGLE (Groundball, 6D, EV 97.5 MPH)
|
|
Batting: RHB Jose Valtierra
|
0-0: Called Strike 0-1: Called Strike 0-2: Ball 1-2: SINGLE (Flyball, 8LS, EV 97.5 MPH) Josh Patterson to second
|
|
Batting: RHB Tony Gonzales
|
0-0: Called Strike 0-1: Ball 1-1: Ball 2-1: Swinging Strike 2-2: Strikes out swinging
|
|
Batting: RHB Juan Ordonez
|
0-0: Foul Ball, location: 2F 0-1: Swinging Strike 0-2: Ball 1-2: Ball 2-2: Ball 3-2: Base on Balls Josh Patterson to third Jose Valtierra to second
|
|
Batting: RHB Patrick Pinault
|
0-0: Ball 1-0: Grounds into double play, 3-2-3 (Groundball, 34, EV 97.5 MPH)
|
| Bottom of the 5th over - 0 runs, 2 hits, 0 errors, 2 left on base; Beloit 4 - Lake County 2 |
| TOP OF THE 6TH |
|
Beloit Snappers batting - Pitching for Lake County Captains : LHP Tony Flores
|
|
Batting: RHB Manny Moron
|
0-0: Called Strike 0-1: Foul Ball, location: 2F 0-2: Ball 1-2: Ground out 5-3 (Groundball, 56, EV 88.1 MPH)
|
|
Batting: RHB Rafael Alarcon
|
0-0: Ball 1-0: SINGLE (Groundball, 6MD, EV 97.5 MPH)
|
|
Batting: RHB Mike Gangi
|
0-0: Called Strike 0-1: Foul Ball, location: 2F 0-2: Fly out, F8 (Flyball, 8LD, EV 75.0 MPH)
|
|
Batting: LHB Ed Talamantes
|
0-0: Ball 1-0: Called Strike 1-1: Foul Ball, location: 2F 1-2: Ball 2-2: Foul Ball, location: 2F 2-2: Ball 3-2: Strikes out swinging
|
| Top of the 6th over - 0 runs, 1 hit, 0 errors, 1 left on base; Beloit 4 - Lake County 2 |
| BOTTOM OF THE 6TH |
|
Lake County Captains batting - Pitching for Beloit Snappers : RHP Caleb Hansberger
|
|
Pitching: RHP Alfonso Alvarado
|
|
|
Batting: RHB Steve Gusman
|
0-0: Fly out, F4 (Popup, 4S, EV 74.4 MPH)
|
|
Batting: LHB Esteban Cordova
|
0-0: Foul Ball, location: 2F 0-1: Called Strike 0-2: Ball 1-2: Foul Ball, location: 2F 1-2: Foul Ball, location: 2F 1-2: Ground out 4-3 (Groundball, 13, EV 83.8 MPH)
|
|
Batting: LHB Frank Hill
|
0-0: Ball 1-0: Called Strike 1-1: Ball 2-1: SINGLE (Groundball, 56S, EV 61.9 MPH) (infield hit)
|
|
Batting: RHB Justin Young
|
0-0: Ball 1-0: Swinging Strike 1-1: Foul Ball, location: 2F 1-2: Strikes out swinging
|
| Bottom of the 6th over - 0 runs, 1 hit, 0 errors, 1 left on base; Beloit 4 - Lake County 2 |
| TOP OF THE 7TH |
|
Beloit Snappers batting - Pitching for Lake County Captains : LHP Tony Flores
|
|
Pitching: RHP Dantae Elizondo
|
|
|
Batting: RHB Jason Dove
|
0-0: Ball 1-0: Ball 2-0: Foul Ball, location: 2F 2-1: Ball 3-1: Called Strike 3-2: Strikes out looking
|
|
Batting: LHB Marcus Pollard
|
0-0: Ball 1-0: SINGLE (Line Drive, 4MD, EV 97.5 MPH)
|
|
Batting: LHB Nate Melendez
|
0-0: Ball 1-0: Fly out, F2 (Popup, 15S, EV 83.1 MPH)
|
|
Batting: RHB Tim Anderson
|
0-0: Called Strike 0-1: Ball 1-1: Called Strike 1-2: Ball 2-2: Ground out 4-3 (Groundball, 34, EV 83.1 MPH)
|
| Top of the 7th over - 0 runs, 1 hit, 0 errors, 1 left on base; Beloit 4 - Lake County 2 |
| BOTTOM OF THE 7TH |
|
Lake County Captains batting - Pitching for Beloit Snappers : RHP Alfonso Alvarado
|
|
Pitching: LHP Alex Shannon
|
|
|
Batting: RHB Josh Patterson
|
0-0: Swinging Strike 0-1: Ground out 6-3 (Groundball, 6M, EV 91.9 MPH)
|
|
Batting: RHB Jose Valtierra
|
0-0: Swinging Strike 0-1: Ball 1-1: Called Strike 1-2: Ball 2-2: Foul Ball, location: 2F 2-2: Ball 3-2: Base on Balls
|
|
Batting: RHB Tony Gonzales
|
0-0: Called Strike 0-1: Fielders Choice at 2nd, 5-4 (Groundball, 56, EV 105.0 MPH)
|
|
Batting: RHB Juan Ordonez
|
0-0: Swinging Strike 0-1: Foul Ball, location: 2F 0-2: Strikes out swinging
|
| Bottom of the 7th over - 0 runs, 0 hits, 0 errors, 1 left on base; Beloit 4 - Lake County 2 |
| TOP OF THE 8TH |
|
Beloit Snappers batting - Pitching for Lake County Captains : RHP Dantae Elizondo
|
|
Batting: RHB Walt Alaniz
|
0-0: Called Strike 0-1: Called Strike 0-2: Ball 1-2: Strikes out swinging
|
|
Batting: RHB Manny Moron
|
0-0: Called Strike 0-1: Ground out 6-3 (Groundball, 56, EV 83.1 MPH)
|
|
Batting: RHB Rafael Alarcon
|
0-0: Called Strike 0-1: Foul Ball, location: 2F 0-2: Strikes out swinging
|
| Top of the 8th over - 0 runs, 0 hits, 0 errors, 0 left on base; Beloit 4 - Lake County 2 |
| BOTTOM OF THE 8TH |
|
Lake County Captains batting - Pitching for Beloit Snappers : LHP Alex Shannon
|
|
Batting: RHB Patrick Pinault
|
0-0: Ball 1-0: Ball 2-0: Called Strike 2-1: Ball 3-1: Foul Ball, location: 2F 3-2: Strikes out swinging
|
|
Batting: RHB Steve Gusman
|
0-0: Ball 1-0: Called Strike 1-1: Ball 2-1: Swinging Strike 2-2: Strikes out swinging
|
|
Batting: LHB Esteban Cordova
|
0-0: Swinging Strike 0-1: Ball 1-1: Swinging Strike 1-2: Foul Ball, location: 2F 1-2: Foul Ball, location: 2F 1-2: Foul Ball, location: 2F 1-2: Ground out 5-3 (Groundball, 5, EV 85.0 MPH)
|
| Bottom of the 8th over - 0 runs, 0 hits, 0 errors, 0 left on base; Beloit 4 - Lake County 2 |
| TOP OF THE 9TH |
|
Beloit Snappers batting - Pitching for Lake County Captains : RHP Dantae Elizondo
|
|
Pitching: RHP Chris Gomez
|
|
|
Batting: RHB Mike Gangi
|
0-0: Called Strike 0-1: Ball 1-1: Swinging Strike 1-2: Foul Ball, location: 2F 1-2: Strikes out swinging
|
|
Batting: LHB Ed Talamantes
|
0-0: Foul Ball, location: 2F 0-1: Called Strike 0-2: Strikes out looking
|
|
Batting: RHB Jason Dove
|
0-0: Ground out 6-3 (Groundball, 6, EV 85.0 MPH)
|
| Top of the 9th over - 0 runs, 0 hits, 0 errors, 0 left on base; Beloit 4 - Lake County 2 |
| BOTTOM OF THE 9TH |
|
Lake County Captains batting - Pitching for Beloit Snappers : LHP Alex Shannon
|
|
Pitching: RHP Tony Contreras
|
|
|
Batting: LHB Frank Hill
|
0-0: Called Strike 0-1: Foul Ball, location: 2F 0-2: Ball 1-2: Foul Ball, location: 2F 1-2: SOLO HOME RUN (Flyball, 9D, EV 98.8 MPH), Distance : 401 ft
|
|
Batting: RHB Justin Young
|
0-0: Ball 1-0: Fly out, F6 (Line Drive, 6M, EV 71.2 MPH)
|
|
Batting: RHB Josh Patterson
|
0-0: Ball 1-0: Ground out 6-3 (Groundball, 56S, EV 70.6 MPH)
|
|
Batting: RHB Jose Valtierra
|
0-0: Ball 1-0: Ball 2-0: Called Strike 2-1: Called Strike 2-2: Foul Ball, location: 2F 2-2: Foul Ball, location: 2F 2-2: Foul Ball, location: 2F 2-2: Ground out 6-3 (Groundball, 56, EV 86.2 MPH)
|
| Bottom of the 9th over - 1 run, 1 hit, 0 errors, 0 left on base; Beloit 4 - Lake County 3 |
|